 Dungeon Crawl Stone Soup version 0.30-a0-358-g0d69a1922f (webtiles) character file.

Game seed: 11613517729484029516

275 IndexError the Insei (level 6, -4/47 HPs)
             Began as a Draconian Transmuter on Nov 9, 2022.
             Killed from afar by a steam dragon (17 damage)
             ... with a ball of steam
             ... on level 4 of the Dungeon.
             The game lasted 00:06:44 (3237 turns).

IndexError the Insei (Draconian Transmuter)         Turns: 3237, Time: 00:06:45

Health: -4/47      AC:  7    Str: 12    XL:     6   Next: 3%
Magic:  9/9        EV: 12    Int: 15    God:
Gold:   96         SH:  0    Dex: 12    Spells: 3/9 levels left

rFire   . . .      SeeInvis .    n - +2 dagger (venom)
rCold   . . .      Faith    .    (no shield)
rNeg    . . .      Spirit   .    (body armour unavailable)
rPois   .          Reflect  .    (helmet currently unavailable)
rElec   .          Harm     .    q - +0 cloak
rCorr   .          Rampage  .    (no gloves)
Will    .....                    (boots currently unavailable)
Stlth   +.........               (no amulet)
HPRegen 0.27/turn                (no ring)
MPRegen 0.11/turn                (no ring)

@: appendages
A: horns 2, talons 2, AC +6, unfitting armour, cold-blooded
a: End Transformation


You were on level 4 of the Dungeon.
You had temporarily grown beastly horns and talons.
You visited 1 branch of the dungeon, and saw 4 of its levels.

You collected 96 gold pieces.

Inventory:

Hand Weapons
 n - a +2 dagger of venom (weapon)
   (You took it off a kobold on level 3 of the Dungeon)
Missiles
 f - 2 atropa-tipped darts
Armour
 p - a +0 pair of boots (melded)
   (You found it on level 3 of the Dungeon)
 q - a +0 cloak (worn)
   (You found it on level 3 of the Dungeon)
Wands
 r - a wand of polymorph (5)
   (You took it off Terence on level 3 of the Dungeon)
Scrolls
 c - 3 scrolls of blinking {unknown}
 e - a scroll of silence {unknown}
 g - a scroll of butterflies {unknown}
 i - a scroll of enchant weapon {unknown}
 j - 4 scrolls of identify {unknown}
 k - a scroll of magic mapping {unknown}
Potions
 a - 2 potions of lignification {!q}
 b - a potion of mutation {unknown}
 d - a potion of brilliance {unknown}
 h - 3 potions of heal wounds {unknown}
 l - a potion of ambrosia {unknown}
 m - 2 potions of attraction {unknown}
 o - a potion of curing {unknown}


   Skills:
 - Level 1.1 Fighting
 - Level 1.7 Dodging
 + Level 5.2 Unarmed Combat
 - Level 2.0 Spellcasting
 - Level 4.6 Transmutations
 + Level 0.2 Poison Magic


You had 3 spell levels left.
You knew the following spells:

 Your Spells              Type           Power      Damage    Failure   Level
a - Beastly Appendage     Tmut           30%        N/A       3%          1
b - Wereblood             Tmut           15%        N/A       4%          2
c - Spider Form           Tmut/Pois      8%         N/A       24%         3

Your spell library contained the following spells:

 Spells                   Type           Power      Damage    Failure   Level
 Inner Flame              Hex/Fire       1%         N/A       54%         3
 Kindle Blastsparks       Fire/Tloc/Air  2%         2d10      54%         3
 Summon Guardian Golem    Hex/Summ       1%         N/A       54%         3
 Ice Form                 Ice/Tmut       8%         N/A       65%         4
 Cause Fear               Hex            0%         N/A       91%         4
 Fulminant Prism          Conj/Hex       0%         3d5       91%         4
 Iskenderun's Mystic Bla  Conj/Tloc      1%         2d3       91%         4
 Lee's Rapid Deconstruct  Erth           0%         3d4*      99%         5
 Orb of Destruction       Conj           0%         9d5       100%        7
 Spellforged Servitor     Conj/Summ      0%         N/A       100%        7
 Discord                  Hex            0%         N/A       100%        8


Dungeon Overview and Level Annotations

Branches:
Dungeon (4/15)             Temple (0/1) D:4

Altars:
Gozag
Makhleb
Qazlal
Uskayaw
The Shining One

Shops:
D:3 *!=


Innate Abilities, Weirdness & Mutations

You have temporarily grown beastly horns and talons.
Your plain brown scales are hard. (AC +6)
You cannot fit into any form of body armour.
You are cold-blooded and may be slowed by cold attacks.


Message History

You take 3 damage, and have 34/47 hp.
You feel sick.
You feel sick.
You feel sick.
You feel sick.
You are no longer poisoned.
Your transformation is almost over.
Magic restored.
Your horns disappear.
Your talons disappear.
Your +0 pair of boots unmelds from your body.
HP restored.
Done exploring.
Health restored: 47; MP restored: 9 You see here 5 boomerangs.
Things that are here:
a +0 scale mail; a +0 club
There is a stone staircase leading down here.
You climb downwards.
There is a stone staircase leading up here.
A worm comes into view.
Casting: Beastly Appendage (safe; 3% risk of failure)
Confirm with . or Enter, or press ? or * to list all spells.
You grow a pair of large bovine horns.
Your feet morph into talons.
Your +0 pair of boots melds into your body.
You now have 8/9 mp.
You see here 12 gold pieces.
You hit the worm. Your kick misses the worm. The worm closely misses you.
You hit the worm.
The worm is poisoned.
You claw the worm. You headbutt the worm!
No target in view!
No target in view!
Magic restored.
You now have 96 gold pieces (gained 12).
A hobgoblin comes into view.
Found an opulent altar of Gozag.
MP restored: 9 A hobgoblin is nearby!
Your transformation is almost over.
Your horns disappear.
Your talons disappear.
Your +0 pair of boots unmelds from your body.
The hobgoblin shouts!
You hear an angry hiss.
A steam dragon comes into view.
Spoiler Alert: The steam dragon breathes balls of steam!
The steam dragon breathes steam at you. The ball of steam hits you.
You take 1 damage, and have 46/47 hp.
The teleport trap disappears.
The hobgoblin disappears!
Health restored: 47
Casting: Beastly Appendage (safe; 3% risk of failure)
Confirm with . or Enter, or press ? or * to list all spells.
You grow a pair of large bovine horns.
Your feet morph into talons.
Your +0 pair of boots melds into your body.
The steam dragon breathes steam at you. The ball of steam hits you!
Spoiler Alert: The steam dragon (catching breath) breathes balls of steam!
You take 11 damage, and have 36/47 hp.
MASSIVE DAMAGE!!
You now have 8/9 mp.
You are engulfed in a cloud of scalding steam.
The steam dragon bites you but does no damage.
The steam dragon claws you.
Spoiler Alert: The steam dragon breathes balls of steam!
The steam dragon closely misses you.
The steam dragon claws you but does no damage.
You barely miss the steam dragon. The steam dragon breathes steam at you.
The ball of steam hits you.
Spoiler Alert: The steam dragon (catching breath) breathes balls of steam!
You take 4 damage, and have 32/47 hp.
You hit the steam dragon but do no damage.
The steam dragon is poisoned.
You tail-slap the steam dragon, but do no damage.
You are engulfed in a cloud of scalding steam.
The steam dragon bites you. The steam dragon barely misses you.
Spoiler Alert: The steam dragon (very poisoned, catching breath) breathes balls of steam!
You take 3 damage, and have 29/47 hp.
You hit the steam dragon but do no damage.
The steam dragon looks as sick as possible!
You claw the steam dragon.
Your tail-slap misses the steam dragon.
You are engulfed in a cloud of scalding steam.
The steam dragon closely misses you.
The steam dragon claws you but does no damage.
Spoiler Alert: The steam dragon (extremely poisoned) breathes balls of steam!
You take 8 damage, and have 21/47 hp.
You barely miss the steam dragon. You claw the steam dragon.
Your headbutt misses the steam dragon. The steam dragon breathes steam at you.
The ball of steam hits you!
* * * LOW HITPOINT WARNING * * *
Spoiler Alert: The steam dragon (extremely poisoned) breathes balls of steam!
You take 8 damage, and have 13/47 hp.
You hit the steam dragon.
The steam dragon looks as sick as possible!
You claw the steam dragon, but do no damage.
You headbutt the steam dragon, but do no damage.
You are engulfed in a cloud of scalding steam.
The steam dragon closely misses you.
The steam dragon claws you but does no damage.
Spoiler Alert: The steam dragon (extremely poisoned) breathes balls of steam!
The steam dragon breathes steam at you. The ball of steam hits you!
You die...

#. #. #.## #+#
#####..### #..#
#........# ...
#..?.....#####.#
#..............###
#..........ยง@....#
####.#.####D####.!# #
#.# ..... ...
#.#.......#.. .
#.#.......#.!
#.#..._...^..###### #
#.#....?..#^##....#
#.#.#.......#....##.#
#.#.# ..... #.##.<#.#


You could see a steam dragon (extremely poisoned, catching breath).

Vanquished Creatures
  Terence (D:3)
  Jessica (D:2)
  An iguana (D:3)
  An orc wizard (D:3)
  7 adders
  4 worms
  2 dart slugs
  20 orcs (D:3)
  8 endoplasms
  8 goblins
  5 hobgoblins
  7 kobolds
  A quokka (D:3)
  3 ball pythons
  A bat (D:1)
  2 frilled lizards (D:3)
  5 rats
77 creatures vanquished.

Notes
Turn   | Place    | Note
-------+----------+-------------------------------------------
     0 | D:1      | IndexError the Draconian Transmuter began the quest for the
                  | Orb.
     0 | D:1      | Reached XP level 1. HP: 16/16 MP: 3/3
   438 | D:1      | Reached XP level 2. HP: 20/23 MP: 3/5
   934 | D:2      | Noticed Jessica
   942 | D:2      | Killed Jessica
   943 | D:2      | Reached skill level 3 in Transmutations
   943 | D:2      | Reached XP level 3. HP: 28/28 MP: 4/6
  1022 | D:2      | Learned a level 2 spell: Wereblood
  1026 | D:2      | Learned a level 3 spell: Spider Form
  1211 | D:2      | Reached skill level 4 in Unarmed Combat
  1215 | D:2      | Reached XP level 4. HP: 29/35 MP: 7/7
  1950 | D:3      | Reached XP level 5. HP: 29/40 MP: 6/8
  1966 | D:3      | Reached skill level 4 in Transmutations
  2136 | D:3      | Found a glowing golden altar of the Shining One.
  2153 | D:3      | Found a stormy altar of Qazlal.
  2385 | D:3      | Reached skill level 5 in Unarmed Combat
  2439 | D:3      | Found Ythria's Assorted Antiques.
  2447 | D:3      | Found Fuemme's Distillery.
  2578 | D:3      | Found a burning altar of Makhleb.
  2578 | D:3      | Noticed a blizzard demon
  2676 | D:3      | Noticed Terence
  2697 | D:3      | Killed Terence
  2748 | D:3      | Found Evvocec's Jewellery Boutique.
  2910 | D:3      | Found a hide-covered altar of Uskayaw.
  3072 | D:4      | Found a staircase to the Ecumenical Temple.
  3082 | D:4      | Reached XP level 6. HP: 37/47 MP: 7/9
  3201 | D:4      | Found an opulent altar of Gozag.
  3224 | D:4      | Noticed a steam dragon
  3237 | D:4      | Killed from afar by a steam dragon

Illustrated notes

Levels and vault maps discovered:
D:1:      denvon_arrival_planthouse, layout_rooms, serial_corexii_hall,
          chequers_hall_statues_y, chequers_hall_statues_wall_a,
          corexii_hall_statues_i, corexii_hall_statues_i,
          chequers_hall_statues_corner_a, corexii_hall_statues_i
D:2:      layout_basic, uniq_jessica
D:3:      layout_basic, nicolae_uskayaw_dance_hall, makhleb_altar_promises_db,
          mainiacjoe_overflow_catwalk_spiral, serial_shops,
          nicolae_diamond_shop, nicolae_shop_overgrown_old_shop, shop,
          nrook_uturn, minmay_misc_feat_hallway, amethyst_killhole,
          serial_bayou_pond_d, minmay_circle_x, uniq_terence
D:4:      nicolae_cairo_tiling_large, layout_basic, lemuel_tele_altar,
          minmay_temple_entry_grid, serial_shops, nicolae_square_shop,
          uniq_sigmund

Skill      XL: |  1  2  3  4  5 |
---------------+----------------+-----
Transmutations | 3 4 |  4.6
Unarmed Combat | 4 5 |  5.2
Fighting       | |  1.1
Dodging        | |  1.7
Spellcasting   | |  2.0
Poison Magic   | |  0.2

Action                   |  1- 3 |  4- 6 || total
-------------------------+-------+-------++-------
Melee: Dagger            |    79 |   136 ||   215
       Kick              |    20 |    39 ||    59
       Headbutt          |    14 |    21 ||    35
       Unarmed           |     3 |       ||     3
       Punch             |     5 |     2 ||     7
       Tailslap          |     7 |    14 ||    21
Throw: Dart              |     4 |       ||     4
 Cast: Beastly Appendage |    18 |    28 ||    46
 Stab: Invisible         |     1 |       ||     1
       Sleeping          |       |     1 ||     1
Armor: Skin              |    13 |    51 ||    64
Dodge: Dodged            |    49 |    88 ||   137

Table legend: (Time is in decaauts)
 A = Elapsed time spent in this place.
 B = Non-inter-level travel time spent in this place.
 C = Inter-level travel time spent in this place.
 D = Time resting spent in this place.
 E = Time spent auto-exploring this place.
 F = Levels seen in this place.
 G = Mean time per level.
                   A        B        C        D        E       F      G
               +--------+--------+--------+--------+--------+-----+--------+
         Total |   3242 |   2926 |    316 |      2 |   2300 |   4 |  810.5 |
       Dungeon |   3242 |   2926 |    316 |      2 |   2300 |   4 |  810.5 |
               +--------+--------+--------+--------+--------+-----+--------+

Top non-repeatable levels by time:
     D:3: 1363 daAuts
     D:1: 913 daAuts
     D:2: 892 daAuts
     D:4: 73 daAuts

Table legend:
 A = Kills in this place as a percentage of kills in entire the game.
 B = Kills by you in this place as a percentage of kills by you in the entire game.
 C = Kills by friends in this place as a percentage of kills by friends in the entire game.
 D = Other kills in this place as a percentage of other kills in the entire game.
 E = Experience gained in this place as a percentage of experience gained in the entire game.
 F = Experience gained in this place divided by the number of levels of this place that you have seen.
                   A       B       C       D       E      F
               +-------+-------+-------+-------+-------+----------------------
         Total | 100.0 | 100.0 |   N/A |   N/A | 100.0 |  98.5
       Dungeon | 100.0 | 100.0 |   N/A |   N/A | 100.0 |  98.5
               +-------+-------+-------+-------+-------+----------------------
